 Dungeon Crawl Stone Soup version 0.28-a0-245-g639a1a48b9 (webtiles) character file.

Game seed: 10487352402989646214

96 rabbitsville the Grave Robber (level 4, -6/30 HPs)
             Began as a Mummy Necromancer on Aug 24, 2021.
             Killed from afar by an orc wizard (8 damage)
             ... with a magic dart
             ... on level 4 of the Dungeon.
             The game lasted 00:14:36 (2857 turns).

rabbitsville the Grave Robber (Mummy Necromancer)   Turns: 2857, Time: 00:14:36

Health: -6/30      AC:  5    Str: 11    XL:     4   Next: 41%
Magic:  2/9        EV: 12    Int: 15    God:
Gold:   79         SH:  0    Dex: 12    Spells: 8/10 levels left

rFire   x . .      SeeInvis .   c - +0 dagger
rCold   + . .      Faith    .   (no shield)
rNeg    + + +      Spirit   .   a - +0 robe
rPois   ∞          Reflect  .   (no helmet)
rElec   .          Harm     .   (no cloak)
rCorr   .          Rampage  .   (no gloves)
Will    .....                   j - +2 pair of boots
Stlth   ++........              g - amulet of the acrobat
HPRegen 0.10/turn               d - ring of flight
MPRegen 0.11/turn               (no ring)

@: flying
A: cold resistance 1, negative energy resistance 3, torment resistance 2, heat
vulnerability 1, no potions
a: no special abilities


You were on level 4 of the Dungeon.
You visited 1 branch of the dungeon, and saw 4 of its levels.

You collected 79 gold pieces.

Inventory:

Hand Weapons
 c - a +0 dagger (weapon)
Armour
 a - a +0 robe (worn)
 j - a +2 pair of boots (worn)
Jewellery
 d - a ring of flight (left hand)
 g - an amulet of the acrobat (around neck)
Scrolls
 b - a scroll of identify {unknown}
 e - 2 scrolls of holy word {unknown}
 f - a scroll of blinking {unknown}
 h - a scroll of vulnerability {unknown}
 i - a scroll of noise {unknown}


   Skills:
 - Level 1.5 Dodging
 - Level 1.5 Stealth
 + Level 3.9 Spellcasting
 * Level 5.3 Necromancy


You had 8 spell levels left.
You knew the following spells:

 Your Spells              Type           Power      Damage    Failure   Level
a - Pain                  Necr           76%        1d7       1%          1
b - Animate Skeleton      Necr           38%        N/A       1%          1

Your spell library contained the following spells:

 Spells                   Type           Power      Damage    Failure   Level
 Vampiric Draining        Necr           9%         2d7       6%          3
 Animate Dead             Necr           9%         N/A       21%         4
 Agony                    Necr           19%        N/A       50%         5


Dungeon Overview and Level Annotations

Branches:
Dungeon (4/15)
 Temple: D:4-7

Altars:

Shops:
D:4 [

Annotations:
D:3 Grinder


Innate Abilities, Weirdness & Mutations

You are immune to poison.
Your flesh is cold resistant. (rC+)
You are immune to negative energy. (rN+++)
You are immune to unholy pain and torment.
You are vulnerable to heat. (rF-)
You do not drink.


Message History

Found 17 sling bullets.
Something barely misses you.
Your orc skeleton closely misses something.
You hit something. Something hits you but does no damage.
You hear some strange, mumbled words.
A magic dart appears from out of thin air!
The magic dart hits you.
* * * LOW HITPOINT WARNING * * *
A goblin comes into view. It is wielding a +0 club.
Casting: Pain (safe; 1% risk of failure)
Confirm with . or Enter, or press ? or * to list all spells.
You can't see any susceptible monsters within range! (Use Z to cast anyway.)
Something hits you.
* * * LOW HITPOINT WARNING * * *
Aiming: Pain (safe; 1% risk of failure)
Press: ? - help, Q - select action, (/) - cycle Shift-Dir - straight line Something writhes in agony.
Something hits you.
* * * LOW HITPOINT WARNING * * *
Aiming: Pain (safe; 1% risk of failure)
Press: ? - help, Q - select action, (/) - cycle Shift-Dir - straight line, f - you That beam is likely to hit you.
Continue anyway?
Okay, then.
Aiming: Pain (safe; 1% risk of failure)
Press: ? - help, Q - select action, (/) - cycle Shift-Dir - straight line Something writhes in agony.
You hear some strange, mumbled words.
Something tries to affect you, but you resist.
A magic dart appears from out of thin air!
The magic dart hits you.
* * * LOW HITPOINT WARNING * * *
Something hits you.
* * * LOW HITPOINT WARNING * * *
Aiming: Pain (safe; 1% risk of failure)
Press: ? - help, Q - select action, (/) - cycle Shift-Dir - straight line Something writhes in agony.
Something hits you.
* * * LOW HITPOINT WARNING * * *
A magic dart appears from out of thin air!
The magic dart hits you!
You die...

##.##..<.# ..#
#.##.##.# #.#
#.......#.# # #.#
###.......# #. #.#
#...##### .. #.# #...#
##
#.#####.#####...###...
#.......#...........##
#.@{.............##
#.##.∩.#..)?.....##
##{##.....#...###...
#.....#####...# ###
#.......### #^..#
#(#.#...# #...#
g..##### #...# #.#
##.## ... ..#


There were no monsters in sight!

Vanquished Creatures
  An orc priest (D:3)
  2 adders
  An adder skeleton (D:4)
  2 worms
  A dart slug (D:1)
  5 orcs
  A giant cockroach (D:3)
  A goblin (D:1)
  2 hobgoblins
  2 jackals (D:3)
  4 kobolds
  A quokka (D:3)
  3 ball pythons
  7 bats
  2 frilled lizards (D:2)
35 creatures vanquished.

Notes
Turn   | Place    | Note
-------+----------+-------------------------------------------
     0 | D:1      | rabbitsville the Mummy Necromancer began the quest for the
                  | Orb.
     0 | D:1      | Reached XP level 1. HP: 13/13 MP: 4/4
     2 | D:1      | Learned a level 1 spell: Animate Skeleton
   523 | D:1      | Reached XP level 2. HP: 19/19 MP: 4/6
   861 | D:2      | Found a faded altar of an unknown god.
  1577 | D:3      | Reached XP level 3. HP: 18/24 MP: 1/7
  1886 | D:3      | Reached skill level 5 in Necromancy
  1886 | D:3      | Reached XP level 4. HP: 11/30 MP: 1/9
  2490 | D:3      | Noticed Grinder
  2490 | D:3      | Paralysed by Grinder for 7 turns
  2646 | D:4      | Noticed a necrophage
  2814 | D:4      | Found Niacera's Armour Emporium.
  2857 | D:4      | Killed from afar by an orc wizard

Illustrated notes

Levels and vault maps discovered:
D:1:      onia_arrival_mini_spirals, layout_loops_cross, lemuel_old_faithful
D:2:      layout_rooms, ebering_ecumenical_altar_box, roderic_roman_lattice,
          minmay_hedge_maze
D:3:      layout_basic, uniq_grinder
D:4:      layout_loops_cross, cheibrodos_ashenzari_chains, serial_shops,
          nicolae_shop_stone, uniq_eustachio, uniq_ijyb, uniq_natasha

Skill      XL: |  1  2  3 |
---------------+----------+-----
Spellcasting   | 3 |  3.9
Necromancy     | 5 |  5.3
Dodging        | |  1.5
Stealth        | |  1.5

Action                   |  1- 3 |  4- 6 || total
-------------------------+-------+-------++-------
Melee: Dagger            |    24 |    24 ||    48
 Cast: Pain              |    49 |    29 ||    78
       Animate Skeleton  |       |     1 ||     1
Armor: Robe              |    12 |     9 ||    21
Dodge: Dodged            |    26 |    16 ||    42

Table legend: (Time is in decaauts)
 A = Elapsed time spent in this place.
 B = Non-inter-level travel time spent in this place.
 C = Inter-level travel time spent in this place.
 D = Time resting spent in this place.
 E = Time spent auto-exploring this place.
 F = Levels seen in this place.
 G = Mean time per level.
                   A        B        C        D        E       F      G
               +--------+--------+--------+--------+--------+-----+--------+
         Total |   2857 |   2798 |     59 |    865 |   1221 |   4 |  714.2 |
       Dungeon |   2857 |   2798 |     59 |    865 |   1221 |   4 |  714.2 |
               +--------+--------+--------+--------+--------+-----+--------+

Top non-repeatable levels by time:
     D:3: 984 daAuts
     D:2: 895 daAuts
     D:1: 804 daAuts
     D:4: 173 daAuts
